 Dungeon Crawl Stone Soup version 0.19-a0-770-g33a097e (webtiles) character file.

23233 shmeve the Fighter (level 12, 0/113 HPs)
             Began as a Minotaur Berserker on June 25, 2016.
             Was a High Priest of Trog.
             Succumbed to Nessos's poison
             ... on level 6 of the Lair of Beasts.
             The game lasted 00:29:13 (12999 turns).

shmeve the Fighter (Minotaur Berserker)            Turns: 12999, Time: 00:29:15

Health: 0/113      AC: 16    Str: 26    XL:     12   Next: 70%
Magic:  11/11      EV:  8    Int:  4    God:    Trog [*****.]
Gold:   1021       SH: 19    Dex: 11    Spells: 0 memorised, 11 levels left

rFire  + . .     SeeInvis .     a - +0 war axe
rCold  + . .     Gourm    .     D - +0 plate armour
rNeg   . . .     Faith    .     P - +0 large shield
rPois  .         Spirit   .     (helmet restricted)
rElec  .         Dismiss  .     K - +0 cloak
rCorr  .         Reflect  .     (no gloves)
SustAt .         Harm     .     S - +0 pair of boots
MR     ++...                    (no amulet)
Stlth  ..........               G - ring of protection from fire
                                O - ring of protection from cold

@: lethally poisoned (0 -> -25), regenerating, very resistant to hostile
enchantments, extremely unstealthy
A: retaliatory headbutt, horns 2
a: Berserk, Trog's Hand, Brothers in Arms, Burn Spellbooks, Renounce Religion


You were on level 6 of the Lair of Beasts.
You worshipped Trog.
Trog was extremely pleased with you.
You were hungry.

You visited 2 branches of the dungeon, and saw 16 of its levels.

You collected 1021 gold pieces.

Inventory:

Hand Weapons
 a - a +0 war axe (weapon)
Missiles
 q - 4 javelins of returning (quivered)
 v - 2 throwing nets
 T - 3 poisoned javelins
Armour
 D - a +0 plate armour (worn)
 K - a +0 cloak (worn)
 P - a +0 large shield (worn)
 S - a +0 pair of boots (worn)
Jewellery
 G - a ring of protection from fire (right hand)
 O - a ring of protection from cold (left hand)
Wands
 y - a wand of teleportation (4/9)
 I - a wand of digging (8/24)
 L - a wand of teleportation (6/9)
 V - a wand of disintegration (10/24)
 W - a wand of iceblast (7/15)
Scrolls
 d - 6 scrolls of remove curse
 f - 2 scrolls of enchant armour {unknown}
 g - 4 scrolls of fear {unknown}
 j - 10 scrolls of teleportation
 l - 20 scrolls of identify {unknown}
 o - 3 scrolls of recharging {unknown}
 p - 3 scrolls of fog {unknown}
 r - 6 scrolls of random uselessness {unknown}
 s - 5 scrolls of immolation {unknown}
 A - 2 scrolls of noise {unknown}
 B - 3 scrolls of amnesia {unknown}
 N - a scroll of enchant weapon {unknown}
 Q - a scroll of summoning {unknown}
 R - a scroll of vulnerability {unknown}
 U - 3 scrolls of blinking {unknown}
Potions
 b - 2 potions of magic {unknown}
 e - a potion of lignification {unknown}
 h - 2 potions of heal wounds {unknown}
 k - a potion of resistance {unknown}
 m - 2 potions of might {unknown}
 n - 4 potions of curing {unknown}
 t - 2 potions of cure mutation {unknown}
 u - a potion of ambrosia {unknown}
 w - 3 potions of berserk rage {unknown}
 x - 2 potions of agility
 z - a potion of haste {unknown}
 C - 3 potions of flight {unknown}
 E - a potion of degeneration {unknown}
 H - a potion of mutation {unknown}
 J - a potion of invisibility
 X - a potion of brilliance {unknown}
Miscellaneous
 F - a phial of floods
Comestibles
 c - 7 bread rations
 i - 5 meat rations
 M - 2 beef jerkies
 Y - 7 fruits
 Z - 5 chunks of flesh


   Skills:
 * Level 12.6 Fighting
 * Level 12.2 Axes
 + Level 6.6 Throwing
 + Level 8.7 Armour
 + Level 8.6 Dodging
 * Level 12.2 Shields


You had 11 spell levels left.
You didn't know any spells.

Dungeon Overview and Level Annotations

Branches:
Dungeon (10/15)            Temple (0/1) D:7            Lair (6/6) D:10
 Shoals (0/4) Lair:2       Spider (0/4) Lair:2
  Slime: Lair:5-6       Orc: D:9-12

Altars:
Ashenzari
Gozag
Qazlal
Trog
Uskayaw
Vehumet
The Shining One

Shops:
D:7 (

Annotations:
Lair:5 Nessos


Innate Abilities, Weirdness & Mutations

You reflexively headbutt those who attack you in melee.
You have a pair of horns on your head.


Message History

Nessos says, "Even if you were a mare, I'd kill you!"
Nessos shoots an arrow.
The arrow hits you!
* * * LOW HITPOINT WARNING * * *
You are more poisoned.
You see here an arrow.
You feel very sick.
Nessos shoots an arrow.
The arrow hits you!
* * * LOW HITPOINT WARNING * * *
The arrow burns you.
You are more poisoned.
* * * LOW HITPOINT WARNING * * *
There is a stone staircase leading down, spattered with blood here.
* * * LOW HITPOINT WARNING * * *
You feel very sick.
Nessos pounds the earth with his hooves.
Nessos unwields an uncursed longbow of flaming.
It stops flaming.
You block Nessos's attack.
You climb downwards.
Your summoned ally is left behind.
An eight-headed hydra comes into view.
You die...

..............
#............ .
#......<....#..
#..............
#..............
P..............
...P...........
.PPP...@.......
##P............
##...........D
#.....$.......
##............
#...#P..!....
#####P.......
#P.......


You could see an eight-headed hydra (sleeping).

Vanquished Creatures
  Harold (Lair:3)
  A hydra (Lair:2)
  A hill giant (D:10)
  Pikel (D:5)
  4 elephants (Lair:2)
  2 black mambas (Lair:1)
  A torpor snail (Lair:3)
  A centaur skeleton (D:10)
  5 spiny frogs
  A rime drake (Lair:3)
  4 komodo dragons
  3 blink frogs (Lair:2)
  Sigmund (D:6)
  Eustachio (D:4)
  29 yaks
  A basilisk (Lair:3)
  Grum (D:8)
  2 hippogriffs
  Edmund (D:5)
  Duvessa (D:4)
  9 water moccasins
  2 orc warriors
  4 slaves (D:5)
  5 porcupines
  An eye of draining (D:9)
  11 ice beasts
  3 black bears
  A wasp (D:10)
  A necrophage (D:7)
  5 ogres
  10 wolves
  5 crocodiles
  5 centaurs
  2 big kobolds
  Blork the orc (D:5)
  8 giant frogs
  Dowan (D:4)
  3 scorpions
  16 killer bees
  4 crimson imps
  A wasp zombie (D:10)
  A centaur zombie (D:9)
  A quasit (D:8)
  5 hounds
  2 jellies
  An orc priest (D:10)
  6 orc wizards
  Crazy Yiuf (D:5)
  2 giant frog skeletons (D:8)
  6 iguanas
  7 worker ants
  5 sheep (Lair:3)
  Robin (D:4)
  A howler monkey zombie (D:9)
  7 gnolls
  2 howler monkey skeletons
  8 adders
  47 river rats
  A shadow imp (D:8)
  An ooze (D:7)
  2 adder skeletons (D:4)
  2 worms (D:2)
  3 dart slugs
  8 giant geckos
  24 orcs
  3 giant cockroaches
  14 goblins
  10 hobgoblins
  9 jackals
  6 quokkas
  2 ball pythons
  11 bats
  4 giant newts
  A jackal skeleton (D:5)
  19 kobolds
  2 quokka skeletons
  7 rats
  A plant (Lair:3)
393 creatures vanquished.

Vanquished Creatures (collateral kills)
  6 elephants (Lair:2)
6 creatures vanquished.

Vanquished Creatures (others)
  A fungus (Lair:1)
  A plant (Lair:1)
2 creatures vanquished.

Grand Total: 401 creatures vanquished

Notes
Turn   | Place    | Note
--------------------------------------------------------------
     0 | D:1      | shmeve the Minotaur Berserker began the quest for the Orb.
     0 | D:1      | Reached XP level 1. HP: 19/19 MP: 0/0
   365 | D:1      | Reached XP level 2. HP: 19/27 MP: 1/1
   732 | D:2      | Reached skill level 1 in Throwing
   732 | D:2      | Reached XP level 3. HP: 30/33 MP: 2/2
   732 | D:2      | Reached ** piety under Trog
   907 | D:2      | Reached XP level 4. HP: 34/40 MP: 3/3
  1193 | D:2      | Found a radiant altar of Vehumet.
  1205 | D:2      | Found a hide-covered altar of Uskayaw.
  1972 | D:3      | Reached *** piety under Trog
  2054 | D:3      | Reached XP level 5. HP: 36/47 MP: 4/4
  2060 | D:3      | Found an opulent altar of Gozag.
  2374 | D:4      | Reached skill level 5 in Axes
  2376 | D:4      | Noticed Robin
  2388 | D:4      | Killed Robin
  2388 | D:4      | Reached skill level 5 in Fighting
  2524 | D:4      | Noticed an ogre
  2531 | D:4      | Killed an ogre
  2531 | D:4      | Reached XP level 6. HP: 45/56 MP: 5/5
  2574 | D:4      | Noticed Eustachio
  2594 | D:4      | Killed Eustachio
  2764 | D:4      | Noticed Dowan
  2767 | D:4      | Noticed Duvessa
  2773 | D:4      | Killed Duvessa
  2773 | D:4      | Reached XP level 7. HP: 63/63 MP: 6/6
  2778 | D:4      | Killed Dowan
  2822 | D:4      | Found a stormy altar of Qazlal.
  3045 | D:5      | Entered Level 5 of the Dungeon
  3138 | D:5      | Noticed Pikel
  3149 | D:5      | Killed Pikel
  3149 | D:5      | Reached XP level 8. HP: 73/73 MP: 7/7
  3546 | D:5      | Found a bloodstained altar of Trog.
  3580 | D:5      | Found a runed door.
  3638 | D:5      | Noticed Blork the orc
  3645 | D:5      | Killed Blork the orc
  3645 | D:5      | Reached **** piety under Trog
  3645 | D:5      | Reached skill level 1 in Shields
  3650 | D:5      | Noticed Edmund
  3668 | D:5      | Killed Edmund
  4006 | D:5      | Noticed Crazy Yiuf
  4010 | D:5      | Killed Crazy Yiuf
  4106 | D:6      | Noticed Sigmund
  4124 | D:6      | Killed Sigmund
  4715 | D:6      | Reached skill level 5 in Armour
  4715 | D:6      | Reached XP level 9. HP: 70/79 MP: 8/8
  5133 | D:7      | Found Docion's Weapon Shop.
  5162 | D:7      | Reached skill level 5 in Dodging
  5197 | D:7      | Found a staircase to the Ecumenical Temple.
  5474 | D:7      | Found a shattered altar of Ashenzari.
  5507 | D:7      | Found a glowing golden altar of the Shining One.
  6073 | D:8      | Noticed Grum
  6083 | D:8      | Reached ***** piety under Trog
  6090 | D:8      | Killed Grum
  6287 | D:8      | Reached XP level 10. HP: 57/91 MP: 9/9
  6819 | D:9      | Received a gift from Trog
  7835 | D:10     | Entered Level 10 of the Dungeon
  7936 | D:10     | Found a staircase to the Lair.
  7990 | D:10     | Received a gift from Trog
  8260 | D:10     | Reached skill level 10 in Fighting
  8260 | D:10     | Reached skill level 5 in Throwing
  8372 | D:10     | Noticed a hill giant
  8381 | D:10     | Killed a hill giant
  8381 | D:10     | Reached skill level 10 in Shields
  8435 | Lair:1   | Entered Level 1 of the Lair of Beasts
  8636 | Lair:1   | Noticed a black mamba
  8653 | Lair:1   | Killed a black mamba
  8672 | Lair:1   | Reached XP level 11. HP: 97/100 MP: 10/10
  8736 | Lair:1   | Reached skill level 10 in Axes
  9905 | Lair:2   | Found a hole to the Spider Nest.
  9995 | Lair:2   | Noticed a five-headed hydra
 10001 | Lair:2   | Killed a five-headed hydra
 10109 | Lair:2   | Received a gift from Trog
 10125 | Lair:2   | Found a staircase to the Shoals.
 10455 | Lair:2   | Reached XP level 12. HP: 94/110 MP: 11/11
 10894 | Lair:3   | Noticed Harold
 10910 | Lair:3   | Killed Harold
 10925 | Lair:3   | Found a frozen archway.
 10936 | Lair:3   | Received a gift from Trog
 11250 | Lair:3   | Received a gift from Trog
 12865 | Lair:5   | Received a gift from Trog
 12984 | Lair:5   | Noticed Nessos
 12997 | Lair:5   | HP: 5/113 [Nessos/arrow (2)]
 12998 | Lair:5   | HP: 1/113 [poisoned by Nessos]
 12999 | Lair:6   | Entered Level 6 of the Lair of Beasts
 12999 | Lair:6   | Noticed an eight-headed hydra
 12999 | Lair:6   | Succumbed to Nessos's poison

Vault maps used:
D:1:      scummos_arrival_forest, lemuel_flame_loot_1
D:2:      minitemple, grunt_decor_cap, wad_floor_pattern_untrapped
D:3:      nicolae_gozag_cash_rules_everything_around_me
D:4:      grunt_qazlal_clouds, uniq_eustachio, uniq_robin, uniq_duvessa
D:5:      lemuel_upstairs_altar, kennysheep_mini, first_bread, uniq_pikel,
          uniq_edmund, uniq_crazy_yiuf_cottage, uniq_blork_the_orc
D:6:      uniq_sigmund
D:7:      old_standard_altar, basic_altar, serial_shops, shop, st_stairs_1
D:8:      uniq_grum
D:10:     lair_0_dummy
Lair:2:   elwin_shoals_entry_rocks, dummy_spider_entry
Lair:3:   portal_ice_cave_entry_ice_beasts, uniq_harold
Lair:5:   dpeg_slime_entry_corner, nicolae_quartered_pool_little,
          lemuel_fruit_tree, serial_bayou_shore_a, lemuel_fruit_fields,
          uniq_nessos
Lair:6:   evil_forest, special_room

Skill      XL: |  1  2  3  4  5  6  7  8  9 10 11 12 |
---------------+-------------------------------------+-----
Axes           | 4 5 7 8 9 11 12 | 12.2
Fighting       | 4 5 6 7 9 10 11 12 | 12.6
Throwing       | 1 2 3 4 5 6 |  6.6
Armour         | 3 4 5 6 7 8 |  8.7
Dodging        | 3 4 5 6 7 8 |  8.6
Shields        | 7 8 10 11 12 | 12.2

Action                   |  1- 3 |  4- 6 |  7- 9 | 10-12 || total
-------------------------+-------+-------+-------+-------++-------
Melee: Hand axe          |    62 |   130 |   278 |   194 ||   664
       Headbutt          |    11 |    24 |    59 |   152 ||   246
       War axe           |       |       |       |   458 ||   458
Throw: Stone             |    15 |    27 |       |       ||    42
       Tomahawk          |       |       |     9 |       ||     9
       Javelin           |       |       |       |    52 ||    52
Invok: Berserk           |     1 |     3 |     6 |     4 ||    14
       Burn Spellbooks   |       |     1 |     1 |     3 ||     5
       Trog's Hand       |       |       |       |     3 ||     3
       Brothers in Arms  |       |       |       |     2 ||     2
Evoke: Wand              |       |       |       |     5 ||     5
  Use: Scroll            |       |       |       |     2 ||     2
  Eat: Chunk             |       |     8 |    19 |    18 ||    45
       Fruit             |       |     1 |       |     3 ||     4
       Meat ration       |       |       |       |     1 ||     1
       Royal jelly       |       |       |       |     1 ||     1
Armor: Animal skin       |    11 |       |       |       ||    11
       Chain mail        |    29 |    91 |     3 |       ||   123
       Plate armour      |       |       |   141 |   300 ||   441
Dodge: Dodged            |    57 |    71 |   153 |   176 ||   457
Block: Buckler           |       |       |    47 |       ||    47
       Shield            |       |       |    52 |    98 ||   150
       Large shield      |       |       |       |   551 ||   551
